 Dungeon Crawl Stone Soup version 0.17-a0-1046-ga09e34d (webtiles) character file.

89 inmateoo the Conjurer (level 4, 0/24 HPs)
             Began as a Deep Elf Conjurer on May 15, 2015.
             Shot with an arrow by a centaur (13 damage)
             ... on level 3 of the Dungeon.
             The game lasted 00:01:58 (1465 turns).

inmateoo the Conjurer (Deep Elf Conjurer)           Turns: 1465, Time: 00:01:58

Health: 0/24       AC:  4    Str:  5    XL:     4   Next: 31%
Magic:  5/12       EV: 13    Int: 21    God:
Gold:   153        SH:  0    Dex: 15    Spells: 3 memorised, 5 levels left

rFire  . . .     SeeInvis .     d - +1 dagger (drain)
rCold  . . .     Clarity  .     a - +0 robe
rNeg   . . .     SustAb   .     (no shield)
rPois  .         Gourm    .     (no helmet)
rElec  .         Spirit   .     m - +0 cloak
rCorr  .         Warding  .     (no gloves)
rMut   .         Stasis   .     r - +0 pair of boots
MR     .....                    (no amulet)
Stlth  ++........               (no ring)
                                (no ring)

@: not resistant to hostile enchantments, unstealthy
A: no striking features
a: no special abilities


You were on level 3 of the Dungeon.
You were not hungry.

You visited 1 branch of the dungeon, and saw 3 of its levels.

You collected 153 gold pieces.

Inventory:

Hand weapons
 d - a +1 dagger of draining (weapon)
Armour
 a - a +0 robe (worn)
 m - a +0 cloak (worn)
 r - a +0 pair of boots (worn)
Jewellery
 h - an uncursed ring of sustain abilities {unknown}
Scrolls
 e - 2 scrolls of fog {unknown}
 f - 3 scrolls of recharging {unknown}
 i - 3 scrolls of identify {unknown}
 j - a scroll of enchant armour {unknown}
 p - a scroll of teleportation {unknown}
 q - a scroll of immolation {unknown}
Potions
 g - a potion of flight {unknown}
 l - 3 potions of curing {unknown}
Books
 b - a book of Conjurations

   Spells                             Type                      Level
   a - Magic Dart                     Conjuration                  1
   b - Searing Ray                    Conjuration                  2
   c - Dazzling Spray                 Conjuration/Hexes            3
   d - Fulminant Prism                Conjuration/Hexes            4
   e - Iskenderun's Mystic Blast      Conjuration                  4
   f - Iskenderun's Battlesphere      Conjuration/Charms           5
Comestibles
 c - 3 bread rations
 k - a slice of pizza
 o - a meat ration


   Skills:
 + Level 3.4 Dodging
 + Level 3.3 Stealth
 + Level 4.0 Spellcasting
 * Level 5.2 Conjurations


You had 5 spell levels left.
You knew the following spells:

 Your Spells              Type           Power        Failure   Level  Hunger
a - Magic Dart            Conj           ####         1%          1    None
b - Searing Ray           Conj           ####..       1%          2    #......
c - Dazzling Spray        Conj/Hex       ###.....     14%         3    ###....


Dungeon Overview and Level Annotations

Branches:
Dungeon (3/15)

Altars:
Qazlal


Message History

Casting: Magic Dart
Confirm with . or Enter, or press ? or * to list all spells.
Aiming: Searing Ray
Press: ? - help, Shift-Dir - straight line, f - centaur
Aim: a centaur, wielding a shortbow The searing ray hits the centaur.
The centaur is lightly wounded.
The centaur shoots an arrow.
The arrow misses you.
The centaur shoots an arrow.
The arrow hits you!
The searing ray hits the centaur.
The centaur is moderately wounded.
The centaur shoots an arrow.
The arrow closely misses you.
The searing ray hits the centaur.
The centaur is heavily wounded.
The searing ray hits the centaur.
The centaur is heavily wounded.
The centaur shoots an arrow.
The arrow completely misses you.
The centaur shoots an arrow.
The arrow hits you!
Ouch! That really hurt!
You die...

##. ##.#.####
........#
#.....#.###
..........#######
......#.......... ##
................. ..
.##.###.#(.#######.#
# #.# #.#.......@..#
###.###.#..#######.#
........#..# c%
###.###.#..# .#
###.# #....# # ....#
##...# ##### #...# #
#.#.# # ###.


You could see a centaur.

Vanquished Creatures
  Ijyb (D:2)
  2 adders
  An ooze (D:1)
  3 worms (D:2)
  3 bats
  2 giant cockroaches (D:1)
  4 hobgoblins (D:1)
  2 jackals (D:2)
  A giant gecko (D:1)
  A giant newt (D:3)
  7 goblins
  2 kobolds
  3 rats (D:1)
32 creatures vanquished.

Notes
Turn   | Place    | Note
--------------------------------------------------------------
     0 | D:1      | inmateoo the Deep Elf Conjurer began the quest for the Orb.
     0 | D:1      | Reached XP level 1. HP: 10/10 MP: 6/6
    42 | D:1      | Reached XP level 2. HP: 10/15 MP: 0/8
   113 | D:1      | Learned a level 2 spell: Searing Ray
   604 | D:2      | Reached XP level 3. HP: 11/19 MP: 1/9
   609 | D:2      | Learned a level 3 spell: Dazzling Spray
   833 | D:2      | Found a stormy altar of Qazlal.
   879 | D:2      | Noticed Ijyb
   885 | D:2      | Killed Ijyb
   885 | D:2      | Reached skill level 5 in Conjurations
   971 | D:2      | Reached XP level 4. HP: 24/24 MP: 7/11
  1461 | D:3      | Noticed a centaur
  1465 | D:3      | Shot with an arrow by a centaur

Vault maps used:
D:1:      dpeg_arrival_short_road
D:2:      grunt_qazlal_sundering, uniq_iyjb

Action                   |  1- 3 |  4- 6 || total
-------------------------+-------+-------++-------
Melee: Dagger            |     4 |       ||     4
 Cast: Magic Dart        |    50 |    17 ||    67
       Searing Ray       |     2 |     2 ||     4
  Eat: Chunk             |       |     2 ||     2
